 Dungeon Crawl Stone Soup version 0.27-a0-898-g810843a28d (webtiles) character file.

Game seed: 9661965731451484105

89532 wakim the Fighter (level 15, -17/118 HPs)
             Began as a Djinni Conjurer on Apr 5, 2021.
             Was the Champion of Makhleb.
             Killed by an exploding fulminant prism (41 damage)
             ... on level 2 of the Orcish Mines.
             The game lasted 01:24:01 (24715 turns).

wakim the Fighter (Djinni Conjurer)                Turns: 24715, Time: 01:24:01

Health: -17/118    AC: 13    Str:  9    XL:     15   Next: 97%
Gold:   2481       EV: 16    Int: 25    God:    Makhleb [******] SH: 15 Dex: 13

rFire    + + .     SeeInvis .   a - +2 scimitar of Ilacs {elec, rElec Str+3}
rCold    x . .     Faith    .   f - +0 kite shield
rNeg     . . .     Spirit   .   l - +2 robe {Archmagi}
rPois    ∞         Reflect  +   d - +2 helmet
rElec    +         Harm     .   n - scarf {repulsion}
rCorr    .         Rampage  .   e - +1 pair of gloves
Will     ++...                  (boots unavailable)
Stlth    ++........             s - amulet of Mirth {Reflect Slay+4 SH+5}
HPRegen  0.29/turn              g - ring of willpower
MPRegen  0.00/turn              m - +4 ring of protection

@: flying, repel missiles
A: fire resistance 2, cold vulnerability 1, float, innate caster, hp casting,
extra vitality 1
a: Renounce Religion, Minor Destruction, Lesser Servant of Makhleb, Major
Destruction, Greater Servant of Makhleb


You were on level 2 of the Orcish Mines.
You worshipped Makhleb.
Makhleb was exalted by your worship.
You visited 4 branches of the dungeon, and saw 22 of its levels.
You also visited: Sewer and Bailey.

You collected 2481 gold pieces.

Inventory:

Hand Weapons
 a - the +2 scimitar of Ilacs (weapon) {elec, rElec Str+3}
   (You found it on level 8 of the Dungeon)

   Occasionally, upon striking a foe, it can discharge electrical energy and
   cause terrible harm.
   It affects your strength (+3).
   It insulates you from electricity.
 b - a +2 demon trident of freezing
Missiles
 h - 2 throwing nets
Armour
 d - a +2 helmet (worn)
 e - a +1 pair of gloves (worn)
 f - a +0 kite shield (worn)
 j - a +0 troll leather armour {Purgy}
 l - a +2 robe of the Archmagi (worn)
 n - a scarf of repulsion (worn)
 o - +0 acid dragon scales
 y - a +1 robe of cold resistance
 B - the +1 robe of the Guild-Master {-Tele rPois rF+ SInv}
   (You found it on level 13 of the Dungeon)

   It protects you from fire.
   It protects you from poison.
   It lets you see invisible.
   It prevents most forms of teleportation.
Jewellery
 c - an amulet of faith
 g - a ring of willpower (left hand)
 k - a +6 ring of intelligence
 m - a +4 ring of protection (right hand)
 q - a ring of positive energy
 s - the amulet of Mirth (around neck) {Reflect Slay+4 SH+5}
   (You found it on level 1 of the Lair of Beasts)

   [amulet of reflection]

   It reflects blocked missile attacks.
   It affects your accuracy and damage with ranged weapons and melee attacks
   (+4).
   It affects your SH (+5).
Wands
 t - a wand of digging (14)
 u - a wand of mindburst (34)
 v - a wand of flame (36)
 w - a wand of acid (20)
 x - a wand of iceblast (17)
 z - a wand of polymorph (18)
Scrolls
 i - 3 scrolls of enchant weapon
 p - a scroll of enchant armour
 r - 2 scrolls of identify
 R - a scroll of magic mapping
 T - 10 scrolls of teleportation
 W - a scroll of holy word
 X - 4 scrolls of fog
 Z - a scroll of silence
Potions
 A - 6 potions of mutation {unknown}
 C - a potion of berserk rage
 D - 2 potions of brilliance
 E - a potion of experience {unknown}
 F - 8 potions of curing
 H - 4 potions of haste
 I - 5 potions of invisibility
 J - 8 potions of heal wounds
 K - 2 potions of magic
 L - a potion of lignification
 N - 3 potions of might
 O - 3 potions of resistance


   Skills:
 * Level 14.6 Fighting
 - Level 4.0 Armour
 + Level 11.8 Dodging
 - Level 4.0 Stealth
 + Level 8.8 Shields
 - Level 6.1 Unarmed Combat
 * Level 13.2 Spellcasting
 + Level 8.8 Invocations


You had one spell level left.
You knew the following spells:

 Your Spells              Type           Power      Damage    Failure   Level
a - Magic Dart            Conj           100%       1d8       1%          1
b - Dazzling Flash        Conj/Hex       100%       N/A       1%          3
c - Sting                 Tmut/Pois      100%       1d8       1%          1
d - Swiftness             Air            90%        N/A       1%          2
e - Call Canine Familiar  Summ           90%        N/A       1%          3
f - Conjure Flame         Conj/Fire      90%        6-21      1%          3
g - Hydra Form            Tmut           45%        N/A       1%          5
h - Irradiate             Conj/Tmut      45%        3d29      1%          5
i - Dispersal             Tloc           45%        N/A       5%          6
s - Searing Ray           Conj           100%       3d7       1%          2
x - Iskenderun's Mystic   Conj/Tloc      90%        2d18      1%          4
z - Fulminant Prism       Conj/Hex       45%        3d21      1%          4
Your spell library was empty.

Dungeon Overview and Level Annotations

Branches:
Dungeon (13/15)            Temple (1/1) D:5            Lair (6/6) D:8
 Shoals (0/4) Lair:3       Spider (0/4) Lair:2        Slime (0/5) Lair:6
    Orc (2/2) D:12          Sewer (visited)          Bailey (visited)
    Elf: Orc:2       Vaults: D:13-14

Altars:
Ashenzari
Cheibriados
Dithmenos
Elyvilon
Fedhas
Gozag
Hepliaklqana
Kikubaaqudgha
Makhleb
Nemelex Xobeh
Okawaru
Qazlal
Ru
Sif Muna
Trog
Uskayaw
Vehumet
Wu Jian
Xom
Yredelemnul
Zin
The Shining One
Beogh
Jiyva

Shops:
D:7 (

Annotations:
D:7 dig(hydra)
Orc:2 Saint Roka


Innate Abilities, Weirdness & Mutations

You are immune to poison.
Your flesh is very heat resistant. (rF++)
You are vulnerable to cold. (rC-)
You float through the air rather than walking.
You learn spells naturally, not from books.
Your magical power is your life essence.
You have superior vitality. (+4 HP)


Message History

Beogh smites you!
* * * LOW HITPOINT WARNING * * *
The orc hits your fulminant prism with a +0 hand axe.
Your fulminant prism explodes!
The blast of energy engulfs Saint Roka!!
Saint Roka is almost dead.
The blast of energy engulfs the orc!!
You kill the orc!
Makhleb accepts your kill.
You hear a shout!
Casting: Searing Ray (safe; 1% risk of failure)
Confirm with . or Enter, or press ? or * to list all spells.
Aiming: Fulminant Prism (safe; 1% risk of failure)
Press: ? - help, Dir - move target, p - Saint Roka You feel a surge of power!
You conjure a prism of explosive energy!
* * * LOW HITPOINT WARNING * * *
A fulminant prism comes into view.
Saint Roka calls down the wrath of Beogh upon you.
Beogh smites you!
* * * LOW HITPOINT WARNING * * *
Casting: Fulminant Prism (safe; 1% risk of failure)
Confirm with . or Enter, or press ? or * to list all spells.
Aiming: Searing Ray (safe; 1% risk of failure)
Press: ? - help, Shift-Dir - straight line, f - Saint Roka
Aim: Saint Roka, wielding a +2 battleaxe of venom and wearing a +1 chain mail of cold resistance (almost dead, ally target, 13% to evade)
You feel a surge of power!
The searing ray hits Saint Roka.
Saint Roka is almost dead. (Press . to maintain the ray.)
* * * LOW HITPOINT WARNING * * *
Saint Roka mumbles some strange prayers to Beogh against you.
Beogh smites you!
* * * LOW HITPOINT WARNING * * *
Your fulminant prism crackles loudly.
Saint Roka mumbles some strange prayers to Beogh against you.
Beogh smites you!
* * * LOW HITPOINT WARNING * * *
Your fulminant prism explodes!
The blast of energy engulfs you!!!
You die...

#...#####.#...........###
##.##.#......#..........##
#..#.........#...#.#.....##
........#.................#
......####...#...........##
......#.#.................####
.........#.#.................#
#........##...................#
......#.###.....@.o.............
......####....................#.
.......# ##.####..#)))..#..####
[.....####### ####.[)[[####
............# #8.)[8#
............# #.....#
...........## #.....#
)[.).#..#### ........ .........#
.........


You could see Saint Roka.

Vanquished Creatures
  Jorgrun (Orc:1)
  An orc warlord (Orc:1)
  The ghost of bmj180 the Destroyer, a journeyman DrCj of Vehumet (D:11)
  Fannar (D:12)
  Erolcha (D:11)
  12 hydras
  3 centaur warriors (D:13)
  5 boulder beetles
  2 death knights (D:11)
  4 catoblepae
  18 death yaks
  5 two-headed ogres
  Urug (D:11)
  2 lindwurms
  5 orc knights
  A wolf spider (D:11)
  2 ugly things
  2 oklob plants (Lair:4)
  2 orc sorcerers (Orc:2)
  12 elephants
  A cyclops (D:13)
  3 manticores
  Joseph (D:8)
  7 black mambas
  A torpor snail (Lair:5)
  An ice statue (Lair:6)
  18 cane toads
  2 kobold demonologists
  A freezing wraith (Lair:6)
  4 rime drakes
  10 komodo dragons
  Psyche (D:10)
  3 trolls
  A merfolk (Lair:3)
  8 polar bears
  2 hornets
  16 blink frogs
  A wyvern (Lair:1)
  43 yaks
  2 redbacks (Lair:2)
  2 shadows (D:11)
  A wraith (D:11)
  3 basilisks
  A steam dragon (D:8)
  3 vampire mosquitoes
  Menkaure (D:4)
  2 acid dragons (D:11)
  10 wargs
  A cane toad zombie (D:9)
  17 water moccasins
  17 orc warriors
  A sky beast (D:5)
  Purgy (Sewer)
  5 ice beasts
  A black bear (Lair:1)
  5 ogres
  18 wolves
  17 centaurs
  Blork the orc (Orc:2)
  3 kobold brigands
  18 bullfrogs
  A wyvern zombie (D:7)
  2 gnoll sergeants (D:6)
  2 scorpions
  11 killer bees
  13 wights
  4 howler monkeys
  An electric eel (Lair:3)
  A bullfrog zombie (D:6)
  4 centaur zombies
  14 orc priests
  A gnoll shaman (D:8)
  2 jellies (D:5)
  A bullfrog skeleton (D:6)
  2 hounds (D:5)
  An iron imp (D:5)
  13 orc wizards
  2 iguanas
  A scorpion zombie (D:5)
  A killer bee zombie (D:7)
  3 howler monkey zombies
  32 gnolls
  A howler monkey skeleton (D:6)
  3 adders
  A shadow imp (D:6)
  3 white imps
  7 dart slugs
  51 orcs
  5 ball pythons
  5 endoplasms
  6 giant cockroaches
  4 goblins
  16 hobgoblins
  10 jackals
  7 quokkas
  2 bats
  4 frilled lizards
  A goblin skeleton (D:5)
  3 goblin zombies (D:5)
  A hobgoblin zombie (D:5)
  34 kobolds
  2 kobold skeletons (D:5)
  5 rats
  A toadstool (D:4)
619 creatures vanquished.

Vanquished Creatures (collateral kills)
  A giant cockroach (D:4)
1 creature vanquished.

Vanquished Creatures (others)
  2 kobolds (D:8)
  84 fulminant prisms
  41 fungi
  102 plants
  3 toadstools (D:4)
232 creatures vanquished.

Grand Total: 852 creatures vanquished

Notes
Turn   | Place    | Note
-------+----------+-------------------------------------------
     0 | D:1      | wakim the Djinni Conjurer began the quest for the Orb.
     0 | D:1      | Reached XP level 1. HP: 15/15 MP: 0/0
   375 | D:1      | Reached XP level 2. HP: 21/22 MP: 0/0
   536 | D:1      | Reached skill level 1 in Fighting
   679 | D:1      | Found a faded altar of an unknown god.
  1079 | D:2      | Reached XP level 3. HP: 22/27 MP: 0/0
  1079 | D:2      | Learned a level 1 spell: Sting
  1414 | D:2      | Reached XP level 4. HP: 27/33 MP: 0/0
  1890 | D:2      | Found a blossoming altar of Fedhas.
  1956 | D:3      | Reached skill level 2 in Fighting
  2498 | D:3      | Reached XP level 5. HP: 33/38 MP: 0/0
  2498 | D:3      | Learned a level 2 spell: Swiftness
  3218 | D:4      | Noticed Menkaure
  3223 | D:4      | Reached skill level 5 in Spellcasting
  3225 | D:4      | Killed Menkaure
  3226 | D:4      | Reached skill level 3 in Fighting
  3226 | D:4      | Reached XP level 6. HP: 38/46 MP: 0/0
  3285 | D:4      | Found a glowing drain.
  3297 | Sewer    | Entered a sewer
  3519 | Sewer    | Noticed Purgy
  3530 | Sewer    | Killed Purgy
  3531 | Sewer    | Reached XP level 7. HP: 38/51 MP: 0/0
  3531 | Sewer    | Learned a level 3 spell: Call Canine Familiar
  4118 | D:5      | Entered Level 5 of the Dungeon
  4202 | D:5      | Reached skill level 4 in Fighting
  4263 | D:5      | Found a staircase to the Ecumenical Temple.
  4270 | D:5      | Reached XP level 8. HP: 57/58 MP: 0/0
  4283 | Temple   | Entered the Ecumenical Temple
  4408 | Temple   | Became a worshipper of Makhleb the Destroyer
  4522 | D:5      | Found a glowing golden altar of the Shining One.
  4733 | D:5      | Reached skill level 5 in Fighting
  5073 | D:6      | Reached * piety under Makhleb
  5231 | D:6      | Reached skill level 6 in Fighting
  5231 | D:6      | Reached skill level 5 in Dodging
  5262 | D:6      | Reached XP level 9. HP: 65/66 MP: 0/0
  5262 | D:6      | Learned a level 3 spell: Conjure Flame
  5836 | D:7      | Reached skill level 7 in Fighting
  5848 | D:7      | Found Oru Mimy's Hydra Hut.
  5852 | D:7      | Noticed a six-headed hydra
  6121 | D:8      | Found a staircase to the Lair.
  6126 | D:8      | Reached ** piety under Makhleb
  6127 | D:8      | Reached skill level 1 in Invocations
  6266 | D:8      | Noticed Joseph
  6267 | D:8      | Reached XP level 10. HP: 65/76 MP: 0/0
  6271 | D:8      | Reached skill level 8 in Fighting
  6311 | D:8      | Killed Joseph
  6834 | D:8      | Identified the +2 scimitar of Ilacs {elec, rElec Str+3}
  7217 | D:9      | Reached *** piety under Makhleb
  7413 | D:9      | Reached skill level 1 in Shields
  7525 | D:9      | Found a blossoming altar of Fedhas.
  7528 | D:9      | Found a white marble altar of Elyvilon.
  7532 | D:9      | Found a broken altar of Ashenzari.
  7675 | D:9      | Noticed a kobold demonologist
  7679 | D:9      | Noticed a smoke demon
  7683 | D:9      | Killed a kobold demonologist
  7984 | D:10     | Entered Level 10 of the Dungeon
  8156 | D:10     | Reached skill level 9 in Fighting
  8166 | D:10     | Reached XP level 11. HP: 70/84 MP: 0/0
  8166 | D:10     | Learned a level 5 spell: Hydra Form
  8248 | D:10     | Noticed a two-headed ogre
  8254 | D:10     | Killed a two-headed ogre
  8255 | D:10     | Reached skill level 1 in Unarmed Combat
  8381 | D:10     | Found an ornate altar of the Wu Jian Council.
  8381 | D:10     | Found a hazy altar of Hepliaklqana.
  8441 | D:10     | Noticed Psyche
  8447 | D:10     | Paralysed by something for 4 turns
  8456 | D:10     | Paralysed by something for 6 turns
  8546 | D:10     | Killed Psyche
  9041 | D:11     | Noticed Erolcha
  9041 | D:11     | Noticed a two-headed ogre
  9045 | D:11     | Noticed a wolf spider
  9048 | D:11     | Killed Erolcha
  9049 | D:11     | Reached skill level 5 in Invocations
  9049 | D:11     | Killed a two-headed ogre
  9060 | D:11     | Noticed a boulder beetle
  9111 | D:11     | Noticed bmj180's ghost (journeyman DrCj)
  9209 | D:11     | Noticed a two-headed ogre
  9215 | D:11     | Killed a two-headed ogre
  9701 | D:11     | Noticed an orc knight
  9708 | D:11     | Noticed a death knight
  9711 | D:11     | Noticed Urug
  9717 | D:11     | Noticed a death knight
 10071 | Lair:1   | Entered Level 1 of the Lair of Beasts
 10077 | Lair:1   | Identified the amulet of Mirth {Reflect Slay+4 SH+5}
 10125 | Lair:1   | Noticed an eight-headed hydra
 10133 | Lair:1   | Killed an eight-headed hydra
 10134 | Lair:1   | Reached skill level 10 in Fighting
 10536 | Lair:1   | Reached XP level 12. HP: 88/91 MP: 0/0
 11229 | Lair:2   | Identified the +1 ring mail of Leihyhics {Int+4 Dex-2}
 11454 | Lair:2   | Reached **** piety under Makhleb
 11800 | Lair:2   | Reached skill level 10 in Spellcasting
 12069 | Lair:2   | Found a hole to the Spider Nest.
 12189 | Lair:2   | Reached skill level 5 in Unarmed Combat
 12966 | Lair:3   | Identified the +1 ring mail of Diariqoe {Will+ Str+4}
 12980 | Lair:3   | Reached skill level 11 in Fighting
 13269 | Lair:3   | Reached XP level 13. HP: 81/99 MP: 0/0
 13269 | Lair:3   | Learned a level 5 spell: Irradiate
 13539 | Lair:3   | Found a staircase to the Shoals.
 14536 | Lair:4   | Reached ***** piety under Makhleb
 14538 | Lair:4   | Reached skill level 12 in Fighting
 14538 | Lair:4   | Reached skill level 5 in Shields
 15937 | Lair:4   | Reached skill level 10 in Dodging
 16195 | Lair:5   | Reached XP level 14. HP: 108/108 MP: 0/0
 16319 | Lair:5   | Found a runed translucent door.
 17209 | Lair:5   | Reached skill level 13 in Fighting
 17260 | Lair:6   | Entered Level 6 of the Lair of Beasts
 17809 | Lair:6   | Found a viscous altar of Jiyva.
 17809 | Lair:6   | Found a staircase to the Slime Pits.
 17983 | Lair:6   | Reached ****** piety under Makhleb
 17984 | Lair:6   | Reached skill level 1 in Armour
 18506 | Lair:6   | Reached XP level 15. HP: 107/116 MP: 0/0
 18506 | Lair:6   | Learned a level 6 spell: Dispersal
 19246 | D:11     | Found a runed translucent gate.
 19247 | D:11     | Found a runed translucent gate.
 19248 | D:11     | Found a runed translucent gate.
 19323 | D:11     | Identified the +8 shortbow of Pyopout {venom, rElec Str+2
                  | Int+5}
 19484 | D:11     | Killed Urug
 20577 | D:11     | Reached skill level 14 in Fighting
 20579 | D:11     | Killed bmj180's ghost
 21033 | D:12     | Noticed Fannar
 21037 | D:12     | Killed Fannar
 21286 | D:12     | Found a staircase to the Orcish Mines.
 22455 | D:13     | Identified the +1 robe of the Guild-Master {-Tele rPois rF+
                  | SInv}
 22489 | D:13     | Found a flagged portal.
 22497 | Bailey   | Entered a bailey
 23602 | Orc:1    | Entered Level 1 of the Orcish Mines
 23882 | Orc:2    | Entered Level 2 of the Orcish Mines
 23902 | Orc:1    | Noticed an orc warlord
 23916 | Orc:1    | Noticed Jorgrun
 23920 | Orc:1    | Killed an orc warlord
 23923 | Orc:1    | Killed Jorgrun
 24393 | Orc:2    | Noticed Blork the orc
 24406 | Orc:2    | Killed Blork the orc
 24692 | Orc:2    | Noticed Saint Roka
 24715 | Orc:2    | Killed by an exploding fulminant prism

Illustrated notes

Levels and vault maps discovered:
D:1:      psy_arrival_whirlpool, layout_loops_ring,
          chequers_ecumenical_altar_lobes
D:2:      layout_rooms, serial_glass, glass_columns_a, glass_columns_a,
          glass_columns_a, glass_columns_b, glass_columns_a, glass_columns_b,
          glass_columns_a, glass_columns_c, glass_columns_c, glass_columns_a,
          glass_columns_b, glass_columns_b, glass_columns_b, glass_columns_b,
          feat_on_display, minmay_strange_pillars, feat_on_display,
          item_on_display_a, basic_altar
D:3:      wander_river, layout_rooms, st_stairs_4, minmay_misc_feat_four_crosses
D:4:      layout_basic, gup_sewer_entry_pipe, minivault_14,
          minmay_gold_behind_fungi, uniq_menkaure
D:5:      layout_basic, nicolae_tso_besieged_by_evil,
          minmay_temple_entry_stoned_glass, chequers_jeans, grunt_ministairs_11
D:6:      layout_rooms
D:7:      layout_rooms, doesnt_shop_hydraphobe
D:8:      layout_rooms, erik_lair_orcish_takeover, uniq_joseph
D:9:      layout_cave_pools, grunt_temple_overflow_diamond, fountainhead,
          grunt_ministairs_13
D:10:     layout_irregular_city, gammafunk_temple_overflow_wave,
          kennysheep_generic_room_9, uniq_psyche
D:11:     layout_loops_cross, gammafunk_ghost_split,
          minmay_mirror_moons_of_madness, uniq_urug, uniq_erolcha
D:12:     layout_irregular_city, orc_david_3, serial_rivers,
          chequers_serial_rivers_micro_a, chequers_serial_rivers_micro_e,
          chequers_serial_rivers_micro_c, chequers_serial_rivers_large_a,
          chequers_serial_rivers_marsh, chequers_serial_rivers_micro_c,
          uniq_fannar
D:13:     layout_basic, enter_bailey_4
Temple:   eino_temple_rhombus
Lair:1:   layout_cave_pods
Lair:2:   layout_small_grid, spider_nest_entry_a, grunt_megastairs_4,
          infiniplex_staircase_pool_2
Lair:3:   cheibrodos_lair_overgrown_chateau, layout_regular_city,
          elwin_shoals_entry_rooms, cheibrodos_lair_lostbears
Lair:4:   layout_cave_pods, grunt_megastairs_1, minmay_lair_oklob_chamber
Lair:5:   layout_long_grid, pf_torpor_hydra
Lair:6:   evilmike_catoblepas_cave, layout_cave_pods,
          dpeg_slime_entry_enclosed_altar, ice2_lemuel, grunt_megastairs_2
Orc:1:    nicolae_orc_accident_1, layout_caves, biasface_ghost_orc_armoury,
          nicolae_orc_lost_temple, uniq_jorgrun
Orc:2:    grunt_orc_cross, layout_caves, mines4_lemuel

Skill      XL: |  1  2  3  4  5  6  7  8  9 10 11 12 13 14 15 |
---------------+----------------------------------------------+-----
Fighting       | 1 2 3 4 6 7 9 10 11 12 13 14 | 14.6
Spellcasting   | 4 5 6 8 9 10 11 12 13 | 13.2
Stealth        | 2 3 4 |  4.0
Dodging        | 3 4 5 6 7 9 10 11 | 11.8
Invocations    | 2 4 6 8 |  8.8
Shields        | 4 6 7 8 |  8.8
Unarmed Combat | 4 5 6 |  6.1
Armour         | 3 4 |  4.0

Action                   |  1- 3 |  4- 6 |  7- 9 | 10-12 | 13-15 || total
-------------------------+-------+-------+-------+-------+-------++-------
Melee: Spear             |       |     4 |       |       |       ||     4
       Dagger            |       |     1 |     7 |       |    13 ||    21
       Trident           |       |       |     3 |       |       ||     3
       Unarmed           |       |       |       |    19 |       ||    19
       Scimitar          |       |       |       |       |    13 ||    13
 Cast: Magic Dart        |    35 |    60 |    39 |    49 |    56 ||   239
       Searing Ray       |     8 |    16 |    51 |    90 |   143 ||   308
       Fulminant Prism   |       |     3 |     8 |    22 |    51 ||    84
       Iskenderun's Myst |       |       |    24 |    59 |   135 ||   218
       Call Canine Famil |       |       |     1 |       |       ||     1
       Hydra Form        |       |       |       |     2 |       ||     2
       Irradiate         |       |       |       |       |    61 ||    61
       Swiftness         |       |       |       |       |     2 ||     2
Invok: Lesser Servant of |       |       |       |     2 |       ||     2
  Use: Scroll            |     3 |     3 |     8 |     8 |     6 ||    28
 Stab: Sleeping          |       |     1 |       |       |     2 ||     3
Armor: Robe              |     2 |     1 |       |    44 |    59 ||   106
       Troll leather arm |       |       |    11 |     2 |       ||    13
       Skin              |       |       |       |    16 |       ||    16
Dodge: Dodged            |     2 |     1 |    29 |    83 |   185 ||   300
       Repelled          |       |       |       |       |     4 ||     4
Block: Buckler           |       |       |       |    29 |     7 ||    36
       Other             |       |       |       |     4 |       ||     4
       Kite shield       |       |       |       |       |   242 ||   242
       Reflection        |       |       |       |       |    24 ||    24
       Rpst.: Scimitar   |       |       |       |    18 |    12 ||    30

Table legend: (Time is in decaauts)
 A = Elapsed time spent in this place.
 B = Non-inter-level travel time spent in this place.
 C = Inter-level travel time spent in this place.
 D = Time resting spent in this place.
 E = Time spent auto-exploring this place.
 F = Levels seen in this place.
 G = Mean time per level.
                   A        B        C        D        E       F      G
               +--------+--------+--------+--------+--------+-----+--------+
         Total |  24744 |  23462 |   1282 |   2652 |  16893 |  24 | 1031.0 |
       Dungeon |  13633 |  12886 |    747 |   1691 |   9108 |  13 | 1048.7 |
        Temple |    197 |    188 |      9 |      0 |    177 |   1 |  197.0 |
          Lair |   9131 |   8626 |    505 |    556 |   6732 |   6 | 1521.8 |
  Orcish Mines |   1115 |   1095 |     20 |    272 |    565 |   2 |  557.5 |
         Sewer |    371 |    371 |      0 |    133 |    129 |   1 |  371.0 |
        Bailey |    294 |    294 |      0 |      0 |    182 |   1 |  294.0 |
               +--------+--------+--------+--------+--------+-----+--------+

Top non-repeatable levels by time:
  Lair:4: 1835 daAuts
    D:11: 1820 daAuts
  Lair:6: 1754 daAuts
    D:10: 1750 daAuts
  Lair:2: 1743 daAuts
    D:12: 1561 daAuts
  Lair:3: 1432 daAuts
  Lair:5: 1216 daAuts
  Lair:1: 1148 daAuts
     D:1: 1072 daAuts
    D:13: 1028 daAuts
     D:4: 926 daAuts
     D:9: 922 daAuts
     D:2: 873 daAuts
     D:3: 869 daAuts
